 Dungeon Crawl Stone Soup version 0.22-a0-558-gc224181 (webtiles) character file.

44 nikopol the Firebug (level 3, -5/19 HPs)
             Began as a Deep Elf Fire Elementalist on June 27, 2018.
             Hit by a stone thrown by an orc warrior (15 damage)
             ... on level 2 of the Dungeon.
             The game lasted 00:03:03 (1507 turns).

nikopol the Firebug (Deep Elf Fire Elementalist)    Turns: 1507, Time: 00:03:04

Health: -5/19      AC:  2    Str:  5    XL:     3   Next: 41%
Magic:  9/10       EV: 13    Int: 20    God:
Gold:   81         SH:  0    Dex: 15    Spells: 3/9 levels left

rFire    . . .     SeeInvis .   (no weapon)
rCold    . . .     Gourm    .   (no shield)
rNeg     . . .     Faith    .   a - +0 robe
rPois    .         Spirit   .   (no helmet)
rElec    .         Reflect  .   (no cloak)
rCorr    .         Harm     .   (no gloves)
MR       .....                  (no boots)
Stlth    ++........             (no amulet)
HPRegen  0.06/turn              (no ring)
MPRegen  0.12/turn              (no ring)

@: no status effects
A: no striking features
a: no special abilities


You were on level 2 of the Dungeon.
You were hungry.

You visited 1 branch of the dungeon, and saw 2 of its levels.

You collected 81 gold pieces.

Inventory:

Armour
 a - a +0 robe (worn)
Jewellery
 f - an uncursed ring of positive energy {unknown}
Scrolls
 b - a scroll of remove curse {unknown}
 d - a scroll of noise {unknown}
 h - 2 scrolls of teleportation {unknown}
Potions
 e - a potion of curing {unknown}
 g - a potion of agility {unknown}
Comestibles
 c - 5 rations
 i - a chunk of flesh


   Skills:
 + Level 2.8 Dodging
 + Level 3.0 Stealth
 + Level 3.6 Spellcasting
 + Level 1.7 Conjurations
 + Level 3.9 Fire Magic


You had 3 spell levels left.
You knew the following spells:

 Your Spells              Type           Power        Failure   Level  Hunger
a - Flame Tongue          Conj/Fire      ###..        4%          1    None
b - Throw Flame           Conj/Fire      ###...       6%          2    ##.....
c - Conjure Flame         Conj/Fire      ###.....     12%         3    ###....

Your spell library contained the following spells:

 Spells                   Type           Power        Failure   Level  Hunger
 Fireball                 Conj/Fire      ###.......   75%         5    ######.
 Sticky Flame             Conj/Fire      ###.....     38%         4    ####...
 Inner Flame              Hex/Fire       ##......     19%         3    ###....


Dungeon Overview and Level Annotations

Branches:
Dungeon (2/15)

Altars:


Message History

Unknown command.
Casting: Flame Tongue (safe; 4% risk of failure)
Confirm with . or Enter, or press ? or * to list all spells.
You can't see any susceptible monsters within range! (Use Z to cast anyway.) No target in view!
Unknown command.
h - 2 scrolls labeled TYECIE ERIOH (gained 1)
Found a short sword.
Found a ration.
The orc wizard shouts!
The orc warrior shouts!
The orc warrior throws a stone.
The stone closely misses you.
The orc shouts!
You hear a shout!
The orc warrior throws a stone.
The stone closely misses you.
The orc warrior throws a stone.
The stone hits you.
The orc wizard points at you and mumbles some strange words.
The magic dart hits you!
You see here a stone.
The orc warrior throws a stone.
The stone hits you!
Ouch! That really hurt!
You die...

#......#.#†.....#..#
#.#
##......#....#...#..#
#.#
....<...........>...##
#.#
##.#.!#<.....#.##....
#.#
#.#.##.####.#.##.#.#.#
#.#
#......#.%..#.##...#.#
#.#
....#..o.o.##......#.#
#.#
.....#...o............#
#.#
.....#..........@.#.###
#.#
.....#.........(..#.#
#.# #............#.#
#.# ######.)...#.# #.#
#.....#.#####.#
#.....(#.......#
#.....##########
#.....# #.....#


You could see an orc warrior and an orc wizard.

Vanquished Creatures
  An adder (D:1)
  A worm (D:2)
  A dart slug (D:2)
  3 leopard geckos
  2 bats
  A bat zombie (D:1)
  3 giant cockroaches
  4 goblins
  2 hobgoblins (D:1)
  A quokka (D:2)
  2 ball pythons
  3 kobolds
  A quokka zombie (D:1)
  A rat (D:2)
26 creatures vanquished.

Notes
Turn   | Place    | Note
-------+----------+-------------------------------------------
     0 | D:1      | nikopol the Deep Elf Fire Elementalist began the quest for the Orb.
     0 | D:1      | Reached XP level 1. HP: 10/10 MP: 6/6
   321 | D:1      | Reached XP level 2. HP: 15/15 MP: 6/8
   818 | D:2      | Noticed an orc warrior
  1014 | D:1      | Learned a level 2 spell: Throw Flame
  1210 | D:2      | Reached XP level 3. HP: 18/19 MP: 5/9
  1251 | D:2      | Learned a level 3 spell: Conjure Flame
  1507 | D:2      | Hit by a stone thrown by an orc warrior

Vault maps used:
D:1:      saegor_arrival_fortress
D:2:      uniq_jessica

Skill      XL: |  1  2 |
---------------+-------+-----
Stealth        | 3 |  3.0
Dodging        | |  2.8
Spellcasting   | |  3.6
Conjurations   | |  1.7
Fire Magic     | |  3.9

Action                   || total
-------------------------++-------
Melee: Unarmed           ||     1
 Cast: Flame Tongue      ||    52
       Throw Flame       ||     4
  Eat: Chunk             ||     1
Armor: Robe              ||     6
Dodge: Dodged            ||    12

Table legend:
 A = Spawn XP
 B = Non-spawn XP
 C = Spawn XP percentage of total XP
 D = Spawn monster count
 E = Non-spawn monster count
 F = Spawn count percentage of total count
 G = Total turns spent on level
                    A         B        C        D         E        F      G
               +---------+---------+-------+---------+---------+-------+---------
         Total |       0 |      64 |   0.0 |       0 |      26 |   0.0 |  1507
               +---------+---------+-------+---------+---------+-------+---------
           D:1 |       0 |      32 |   0.0 |       0 |      12 |   0.0 |  1179
           D:2 |       0 |      32 |   0.0 |       0 |      14 |   0.0 |   328
               +---------+---------+-------+---------+---------+-------+---------
